 Dungeon Crawl Stone Soup version 0.29.0-13-gc9e81de378 (webtiles) character file.

Game seed: 11334214038966238987

61296 inmateoo the Basher (level 15, -21/95 HPs)
             Began as a Gargoyle Gladiator on Sept 7, 2022.
             Was an Initiate of Gozag.
             Killed from afar by Jorgrun (36 damage)
             ... with an iron shot
             ... on level 2 of the Orcish Mines.
             The game lasted 00:46:54 (20323 turns).

inmateoo the Basher (Gargoyle Gladiator)           Turns: 20323, Time: 00:46:55

Health: -21/95     AC: 25    Str: 21    XL:     15   Next: 2%
Magic:  24/24      EV: 15    Int:  9    God:    Gozag
Gold:   3643       SH:  0    Dex: 15    Spells: 21/26 levels left

rFire   + . .      SeeInvis .   u - +2 morningstar (drain)
rCold   + . .      Faith    .   J - orb {light}
rNeg    + . .      Spirit   .   r - +0 scale mail
rPois   ∞          Reflect  .   c - +0 helmet
rElec   +          Harm     .   k - +1 cloak
rCorr   +          Rampage  .   (no gloves)
Will    ++...                   v - +0 pair of boots
Stlth   +.........              g - amulet of regeneration
HPRegen 1.05/turn               a - +4 ring of evasion
MPRegen 0.19/turn               B - ring of willpower

@: mighty, resistant, grasped by roots, gold aura, flying, hasted, glowing,
constricted, invisible (but backlit and visible), very quick
A: sickness immunity, AC +11, big wings, negative energy resistance 1,
electricity resistance, torment resistance 1, petrification resistance
a: Renounce Religion, Potion Petition, Call Merchant, Bribe Branch


You were on level 2 of the Orcish Mines.
You worshipped Gozag.
Gozag was most pleased with you.
You visited 4 branches of the dungeon, and saw 21 of its levels.
You also visited: Sewer and Gauntlet.

You collected 5565 gold pieces.
You spent 887 gold pieces at shops.
You paid 1035 gold pieces to Gozag.

Inventory:

Hand Weapons
 h - a +2 broad axe of electrocution
 u - a +2 morningstar of draining (weapon)
 M - a +3 whip of electrocution
Missiles
 b - 14 poisoned darts
 d - a throwing net
 e - 10 javelins (quivered)
 p - 7 boomerangs
 S - 5 silver javelins
 T - 5 curare-tipped darts
 W - a boomerang of dispersal
Armour
 c - a +0 helmet (worn)
 k - a +1 cloak (worn)
 r - a +0 scale mail (worn)
 v - a +0 pair of boots (worn)
 J - an orb of light (worn)
Jewellery
 a - a +4 ring of evasion (left hand)
 g - an amulet of regeneration (around neck)
 B - a ring of willpower (right hand)
 O - the ring "Apsud" {Fire Int+3}
   (You found it in a Gauntlet)

   [ring of fire]

   It enhances your fire magic.
   Int:       It affects your intelligence (+3).
   rF:        It protects you from fire.
   rC:        It makes you vulnerable to cold.
 V - a ring of protection from cold
Wands
 w - a wand of quicksilver (1)
 G - a wand of charming (3)
 K - a wand of mindburst (4)
 N - a wand of flame (28)
 R - a wand of polymorph (6)
Scrolls
 l - 2 scrolls of blinking
 m - a scroll of magic mapping
 o - 2 scrolls of enchant armour
 y - 4 scrolls of amnesia
 A - 2 scrolls of silence
 D - 4 scrolls of fog
 E - a scroll of fear
 I - 9 scrolls of teleportation
 P - 2 scrolls of poison
 Q - a scroll of enchant weapon
Potions
 f - 5 potions of lignification
 i - 7 potions of heal wounds
 j - a potion of berserk rage
 n - 5 potions of invisibility
 q - a potion of magic
 s - 3 potions of cancellation
 t - 5 potions of haste
 x - 7 potions of mutation
 z - 4 potions of brilliance
 C - 8 potions of curing
 F - 7 potions of might
 H - 3 potions of ambrosia
Miscellaneous
 L - a phial of floods (inert)


   Skills:
 + Level 11.4 Fighting
 + Level 14.8 Maces & Flails
 - Level 6.0 Throwing
 + Level 9.7 Armour
 + Level 9.0 Dodging
 + Level 7.7 Stealth
 + Level 6.3 Spellcasting
 + Level 4.0 Air Magic
 + Level 6.1 Evocations


You had 21 spell levels left.
You knew the following spells:

 Your Spells              Type           Power      Damage    Failure   Level
a - Passwall              Tmut/Erth      1%         N/A       58%         2
b - Swiftness             Air            10%        N/A       28%         3

Your spell library contained the following spells:

 Spells                   Type           Power      Damage    Failure   Level
 Poisonous Vapours        Pois/Air       12%        N/A       32%         2
 Magic Dart               Conj           8%         1d3       45%         1
 Sting                    Tmut/Pois      8%         1d3       45%         1
 Call Imp                 Summ           2%         N/A       58%         2
 Ensorcelled Hibernation  Hex/Ice        4%         N/A       58%         2
 Mephitic Cloud           Conj/Pois/Air  5%         N/A       63%         3
 Gell's Gravitas          Tloc           2%         N/A       83%         3
 Inner Flame              Hex/Fire       2%         N/A       83%         3
 Lesser Beckoning         Tloc           2%         N/A       83%         3
 Ozocubu's Armour         Ice            2%         N/A       83%         3
 Teleport Other           Tloc           2%         N/A       83%         3
 Cause Fear               Hex            1%         N/A       99%         4
 Dispel Undead            Necr           2%         3d7       99%         4
 Olgreb's Toxic Radiance  Pois           2%         N/A       99%         4
 Blade Hands              Tmut           1%         N/A       100%        5
 Irradiate                Conj/Tmut      1%         3d12      100%        5
 Death Channel            Necr           1%         N/A       100%        6
 Dragon Form              Tmut           1%         N/A       100%        7
 Ozocubu's Refrigeration  Ice            1%         4d7       100%        7
 Discord                  Hex            1%         N/A       100%        8
 Corpse Rot               Necr/Pois/Air  Unusable   N/A       N/A         4

Dungeon Overview and Level Annotations

Branches:
Dungeon (13/15)            Temple (1/1) D:6            Lair (5/5) D:9
  Swamp (0/4) Lair:3       Spider (0/4) Lair:3        Slime (0/5) Lair:4
    Orc (2/2) D:12            Elf (0/3) Orc:2         Sewer (visited)
Gauntlet (visited)
 Vaults: D:13-14

Altars:
Ashenzari
Cheibriados
Dithmenos
Elyvilon
Fedhas
Gozag
Hepliaklqana
Kikubaaqudgha
Makhleb
Nemelex Xobeh
Okawaru
Qazlal
Ru
Sif Muna
Trog
Uskayaw
Vehumet
Wu Jian
Xom
Yredelemnul
Zin
The Shining One
Jiyva

Shops:
Orc:1 (   Orc:2 (=*(*

Annotations:
D:5 2 runed translucent doors
D:8 heinrich's ghost, novice DsWn
D:9 exclusion: door
Lair:4 exclusion: 3 oklob plants
Lair:5 exclusions: 3 doors and ice statue
Orc:2 Jorgrun


Innate Abilities, Weirdness & Mutations

You are immune to sickness and miasma.
Your stone body is resilient. (AC +11)
You are immune to poison.
Your large and strong wings let you fly.
You resist negative energy. (rN+)
You are resistant to electric shocks. (rElec)
You are resistant to unholy torment.
You are immune to petrification.


Message History

Jorgrun's magical effects unravel!
The orc barely misses you. The orc completely misses you.
The orc is distracted by your dazzling golden aura.
Jorgrun barely misses you. The grasping roots constrict you.
The orc closely misses you.
The orc knight hits you but does no damage.
The orc hits you but does no damage.
The orc shouts!
Aiming: Quicksilver Bolt
Press: ? - help, Shift-Dir - straight line, f/p - Jorgrun
Aim: Jorgrun, wielding a +0 vorpal quarterstaff and wearing a +2 robe of cold resistance (severely wounded, lightly drained, haloed, 70% to hit)
The bolt of dispelling energy hits Jorgrun!!
Jorgrun is almost dead.
Jorgrun hits you with a +0 vorpal quarterstaff.
The grasping roots constrict you. The orc misses you.
The orc hits you with a +0 club. The orc hits you but does no damage.
The orc knight hits you with a +0 bardiche!
* * * LOW HITPOINT WARNING * * *
Aiming: Quicksilver Bolt
Press: ? - help, Shift-Dir - straight line, f/p - Jorgrun
Aim: Jorgrun, wielding a +0 vorpal quarterstaff and wearing a +2 robe of cold resistance (almost dead, lightly drained, haloed, 70% to hit)
The bolt of dispelling energy misses Jorgrun.
Jorgrun misses you. The grasping roots constrict you!
* * * LOW HITPOINT WARNING * * *
The orc hits you but does no damage. The orc misses you.
The orc hits you with a +0 club.
* * * LOW HITPOINT WARNING * * *
The orc knight closely misses you.
The orc hits you but does no damage. [a] - 928 gold - invisibility, might, resistance and haste [b] - 540 gold - resistance and invisibility [c] - 270 gold - resistance Purchase which effect?
You become transparent, but the glow from your halo prevents you from becoming completely invisible.
You feel very mighty all of a sudden.
You feel protected.
You feel yourself speed up.
The orc is no longer distracted by gold.
Jorgrun casts a spell at you. The iron shot hits you!!!
You die...
Your body crumbles into a pile of gold.

#.....................
##..#...................
#.......................
...........$............
........................
#######.....$...........
#....∩#......$..........
#.....#........$oo......
#.....#........$@o......
#)[)..#........oog......
###)###.................
.)).)...................
.##'###.................
.#....#............._...
.#....#.................
.#...∩#.................
.######........


You could see Jorgrun (drained), an orc knight and 4 orcs.

Vanquished Creatures
  An ettin (Orc:1)
  5 hydras
  2 boulder beetles
  3 catoblepae
  A vault guard (D:12)
  5 two-headed ogres
  A centaur warrior (D:12)
  A death yak (D:9)
  A thrashing horror (Gauntlet)
  Urug (D:13)
  A wizard (Gauntlet)
  A sixfirhy (Gauntlet)
  Pikel (D:4)
  5 orc knights
  A manticore (D:13)
  A deep elf pyromancer (D:12)
  An ugly thing (D:12)
  An orc sorcerer (D:12)
  6 cyclopes
  A spectral centaur (Gauntlet)
  A centaur zombie (Gauntlet)
  7 black mambas
  3 elephants (Lair:3)
  2 torpor snails
  2 gargoyles
  2 rime drakes
  16 cane toads
  A spectral redback (Gauntlet)
  5 komodo dragons
  Grinder (D:3)
  2 tyrant leeches (Lair:3)
  4 trolls
  3 polar bears (Lair:5)
  9 dream sheep
  19 blink frogs
  A wraith (D:11)
  4 wyverns
  4 fire bats (D:9)
  2 shadows
  37 yaks
  2 basilisks
  A steam dragon (D:8)
  8 vampire mosquitoes
  3 redbacks (Lair:3)
  7 wargs (Orc:2)
  13 water moccasins
  2 small abominations (Gauntlet)
  A swamp worm (Lair:3)
  An acid dragon (D:6)
  6 ice beasts
  31 orc warriors
  3 black bears
  8 ogres
  12 wolves
  4 centaurs
  3 kobold brigands
  A phantom (D:5)
  9 bullfrogs
  A necrophage (D:5)
  5 scorpions
  4 wights
  6 howler monkeys
  A quasit (D:8)
  4 hounds
  A gnoll bouda (D:8)
  8 orc priests
  6 iguanas
  17 orc wizards
  6 hell rats (Lair:1)
  9 gnolls
  11 adders
  6 river rats
  4 white imps
  3 ufetubi
  2 worms
  A dart slug (D:5)
  81 orcs
  5 bats
  3 endoplasms
  6 giant cockroaches
  6 goblins
  7 hobgoblins
  23 kobolds
  3 quokkas
  14 ball pythons
  3 frilled lizards
  48 rats
574 creatures vanquished.

Vanquished Creatures (collateral kills)
  An orc knight (Orc:2)
  2 komodo dragons (Lair:3)
  A minotaur zombie (Gauntlet)
  A blink frog (Lair:3)
  5 orc warriors (Orc:2)
  An orc (Orc:2)
11 creatures vanquished.

Vanquished Creatures (others)
  A minotaur (Gauntlet)
  An orc knight (Orc:2)
  3 orc warriors (Orc:2)
  An ice beast (D:6)
  An iguana (D:6)
  A gnoll (D:4)
  30 fungi
  41 plants
  15 withered plants (Lair:5)
94 creatures vanquished.

Grand Total: 679 creatures vanquished

Notes
Turn   | Place    | Note
-------+----------+-------------------------------------------
     0 | D:1      | inmateoo the Gargoyle Gladiator began the quest for the
                  | Orb.
     0 | D:1      | Reached XP level 1. HP: 12/12 MP: 1/1
   129 | D:1      | Reached XP level 2. HP: 17/17 MP: 2/2
   129 | D:1      | You fall into a shaft and drop 1 floor!
   194 | D:2      | Reached skill level 1 in Stealth
   269 | D:1      | Reached XP level 3. HP: 18/22 MP: 3/3
   847 | D:2      | Reached skill level 1 in Armour
  1018 | D:2      | Reached XP level 4. HP: 27/27 MP: 4/4
  1559 | D:3      | Noticed Grinder
  1594 | D:3      | Killed Grinder
  1595 | D:3      | Reached skill level 4 in Maces & Flails
  1595 | D:3      | Reached XP level 5. HP: 25/32 MP: 5/5
  1595 | D:3      | Reached XP level 6. HP: 29/37 MP: 6/6
  2002 | D:3      | Found a faded altar of an unknown god.
  2077 | D:3      | Found a glowing silver altar of Zin.
  2077 | D:3      | Noticed an angel
  2724 | D:4      | Reached skill level 5 in Maces & Flails
  2750 | D:4      | Noticed Pikel
  2765 | D:4      | Killed Pikel
  2766 | D:4      | Reached XP level 7. HP: 16/44 MP: 7/7
  2802 | D:4      | Reached XP level 8. HP: 23/48 MP: 8/8
  2898 | D:4      | Found a burning altar of Makhleb.
  2951 | D:4      | Reached skill level 6 in Maces & Flails
  3038 | D:4      | Found a glowing drain.
  3072 | Sewer    | Entered a sewer
  4087 | D:5      | Entered Level 5 of the Dungeon
  4183 | D:5      | Found a runed translucent door.
  4185 | D:5      | Found a runed translucent door.
  4201 | D:5      | Reached skill level 5 in Fighting
  4438 | D:5      | Reached skill level 7 in Maces & Flails
  4607 | D:5      | Reached XP level 9. HP: 54/54 MP: 9/9
  4776 | D:6      | Found a staircase to the Ecumenical Temple.
  4821 | Temple   | Entered the Ecumenical Temple
  4853 | Temple   | Became a worshipper of Gozag Ym Sagoz the Greedy
  5187 | D:6      | Reached skill level 5 in Armour
  5271 | D:6      | Found a shadowy altar of Dithmenos.
  5271 | D:6      | Found a bloodstained altar of Trog.
  5437 | D:6      | Found a hide-covered altar of Uskayaw.
  6106 | D:7      | Reached skill level 8 in Maces & Flails
  6106 | D:7      | Reached skill level 5 in Dodging
  6250 | D:7      | Found an ancient bone altar of Kikubaaqudgha.
  6608 | D:7      | Reached skill level 9 in Maces & Flails
  6894 | D:8      | Upgraded the game from 0.29.0-11-gd7f09526c8 to
                  | 0.29.0-13-gc9e81de378
  6962 | D:8      | Identified the +3 dagger of the Sugar Beet {venom, *Slow
                  | Fly rF- Dex+6}
  6971 | D:8      | Noticed a two-headed ogre
  6979 | D:8      | Killed a two-headed ogre
  6980 | D:8      | Reached skill level 10 in Maces & Flails
  6980 | D:8      | Reached XP level 10. HP: 60/60 MP: 9/11
  7052 | D:8      | Found a transporter.
  7054 | D:8      | Noticed heinrich's ghost (novice DsWn)
  7081 | D:8      | Reached skill level 1 in Spellcasting
  7081 | D:8      | Reached skill level 1 in Evocations
  7524 | D:8      | Found a transporter.
  7865 | D:8      | Identified the +4 war axe of an ossuary {freeze, Fragile
                  | Fly Stlth+}
  7912 | D:9      | Found a staircase to the Lair.
  7974 | D:9      | Noticed a two-headed ogre
  7989 | D:9      | Killed a two-headed ogre
  8078 | D:9      | Reached skill level 5 in Stealth
  8224 | D:9      | Noticed a gargoyle
  8249 | D:9      | Killed a gargoyle
  8419 | D:9      | Found a sacrificial altar of Ru.
  8443 | D:9      | Found a white marble altar of Elyvilon.
  8709 | D:10     | Entered Level 10 of the Dungeon
  8826 | D:10     | Reached XP level 11. HP: 50/67 MP: 15/15
  8854 | D:10     | Learned a level 2 spell: Passwall
  8858 | D:10     | Learned a level 3 spell: Swiftness
  8871 | D:10     | Noticed a cyclops
  9021 | D:10     | Killed a cyclops
  9367 | D:10     | Noticed a cyclops
  9378 | D:10     | Killed a cyclops
  9934 | D:11     | Found a gate leading to a gauntlet.
  9984 | Gauntlet | Entered a Gauntlet
  9984 | Gauntlet | Noticed a wizard
  9984 | Gauntlet | Found a transporter.
  9995 | Gauntlet | Found a transporter.
  9996 | Gauntlet | Found a transporter.
 10004 | Gauntlet | Found a transporter.
 10004 | Gauntlet | Noticed a sixfirhy
 10008 | Gauntlet | Found a transporter.
 10016 | Gauntlet | Noticed a death drake
 10019 | Gauntlet | Found a transporter.
 10020 | Gauntlet | Found a transporter.
 10024 | Gauntlet | Noticed a death drake
 10028 | Gauntlet | Found a transporter.
 10032 | Gauntlet | Found a transporter.
 10037 | Gauntlet | Noticed a thrashing horror
 10040 | Gauntlet | Found a transporter.
 10071 | Gauntlet | Found a transporter.
 10083 | Gauntlet | Found a transporter.
 10096 | Gauntlet | Found a transporter.
 10109 | Gauntlet | Found a transporter.
 10113 | Gauntlet | Found a runed translucent door.
 10233 | Gauntlet | Killed a wizard
 10259 | Gauntlet | Killed a sixfirhy
 10313 | Gauntlet | Identified the ring "Apsud" {Fire Int+3}
 10335 | Gauntlet | Reached skill level 11 in Maces & Flails
 10379 | Gauntlet | Killed a thrashing horror
 10435 | Gauntlet | Noticed a minotaur
 10488 | Gauntlet | Killed a minotaur
 10504 | Gauntlet | Identified the +10 dagger "Geytuso" {vamp, Dex+5 Stlth-}
 10710 | D:11     | Reached XP level 12. HP: 63/75 MP: 18/18
 11199 | D:12     | Noticed a centaur warrior
 11209 | D:12     | Killed a centaur warrior
 11516 | D:12     | Noticed a two-headed ogre
 11561 | D:12     | Killed a two-headed ogre
 11698 | D:12     | Noticed a boulder beetle
 11714 | D:12     | Killed a boulder beetle
 12043 | D:12     | Found a staircase to the Orcish Mines.
 12130 | D:12     | Reached skill level 12 in Maces & Flails
 12293 | D:12     | Noticed a catoblepas
 12314 | D:12     | Killed a catoblepas
 12363 | D:12     | Noticed a two-headed ogre
 12376 | D:12     | Killed a two-headed ogre
 12417 | D:12     | Reached skill level 10 in Fighting
 12603 | D:13     | Noticed a two-headed ogre
 12607 | D:13     | Killed a two-headed ogre
 12705 | D:13     | Noticed Urug
 12716 | D:13     | Noticed a vault guard
 12773 | D:12     | HP: 5/115 [vault guard/+0 dire flail (13)]
 12775 | D:12     | Killed a vault guard
 12776 | D:12     | Reached skill level 13 in Maces & Flails
 12852 | D:13     | Killed Urug
 12923 | D:13     | Noticed a vault guard
 12926 | D:13     | Noticed a vault guard
 13078 | Lair:1   | Entered Level 1 of the Lair of Beasts
 13133 | Lair:1   | Noticed a death yak
 13209 | D:9      | Killed a death yak
 13210 | D:9      | Reached XP level 13. HP: 82/82 MP: 19/19
 13395 | Lair:1   | Reached skill level 14 in Maces & Flails
 13679 | Lair:1   | Identified the +9 spear of Resourcefulness {vamp, rCorr
                  | Str+4 Stlth+}
 13947 | Lair:2   | Reached skill level 1 in Air Magic
 15391 | Lair:3   | Found a hole to the Spider Nest.
 15501 | Lair:3   | You fall into a shaft and drop 1 floor!
 15519 | Lair:4   | Reached skill level 5 in Spellcasting
 15562 | Lair:4   | Reached skill level 5 in Evocations
 15680 | Lair:3   | Reached skill level 5 in Throwing
 15680 | Lair:3   | Gained mutation: Your large and strong wings let you fly.
                  | [Gargoyle growth]
 15680 | Lair:3   | Reached XP level 14. HP: 65/88 MP: 21/21
 15739 | Lair:3   | Found a staircase to the Swamp.
 16096 | Lair:4   | Found a staircase to the Slime Pits.
 16096 | Lair:4   | Found a viscous altar of Jiyva.
 16778 | Lair:5   | Entered Level 5 of the Lair of Beasts
 17821 | Lair:5   | Noticed a dire elephant
 17821 | Lair:5   | Noticed a dire elephant
 17821 | Lair:5   | Noticed a dire elephant
 17821 | Lair:5   | Noticed a dire elephant
 18466 | Orc:1    | Entered Level 1 of the Orcish Mines
 18700 | Orc:1    | Found Pyculod's Antique Weapon Boutique.
 19033 | Orc:2    | Entered Level 2 of the Orcish Mines
 19059 | Orc:2    | Found Aklot's Antique Weapon Boutique.
 19149 | Orc:2    | Noticed an orc warlord
 19279 | Orc:2    | Found a staircase to the Elven Halls.
 19935 | Orc:2    | Found Mianueph's General Store.
 19935 | Orc:2    | Found Wapheacw's Jewellery Shoppe.
 19976 | Orc:2    | Bought a potion of haste for 130 gold pieces
 19985 | Orc:2    | Bought a ring of protection from cold for 250 gold pieces
 20213 | Orc:2    | Reached XP level 15. HP: 95/95 MP: 24/24
 20219 | Orc:2    | Found Qaduasalos's General Store.
 20219 | Orc:2    | Found Qalempay's Antique Weapon Shoppe.
 20272 | Orc:2    | Bought a potion of haste for 180 gold pieces
 20272 | Orc:2    | Bought a wand of charming (3) for 129 gold pieces
 20281 | Orc:2    | Bought a translucent morningstar for 198 gold pieces
 20281 | Orc:2    | Identified the +0 morningstar "Pon Soo" {vorpal, +Blink}
                  | (You bought it in a shop on level 2 of the Orcish Mines)
 20302 | Orc:2    | Noticed Jorgrun
 20323 | Orc:2    | Killed from afar by Jorgrun

Illustrated notes

Levels and vault maps discovered:
D:1:      minmay_arrival_nine_rooms, layout_rooms, minmay_misc_feat_tiny
D:2:      layout_loops_ring, minmay_ruptured
D:3:      layout_basic, zin_angel, ebering_ecumenical_altar_abandoned,
          minmay_rat_hole, uniq_grinder
D:4:      layout_basic, makhleb_blood_cavern_becter, portal_sewer_entry_b,
          minmay_misc_feat_alley, uniq_pikel
D:5:      lemuel_insect_pit, layout_rooms, hangedman_abyss_or_decor_stabs
D:6:      layout_loops_ring, chequers_temple_overflow_statue_of_worship,
          minmay_temple_entry_grid
D:7:      layout_loops_corners, kiku_gazebo_garden_becter, serial_park_tiny_2
D:8:      layout_loops_ring, gammafunk_ghost_stat_death
D:9:      layout_roguey, nicolae_ru_awakened_eye, elyvilon_altar_3,
          dpeg_oklobed_lair, minmay_misc_feat_columns, hangedman_incinerator
D:10:     layout_basic
D:11:     layout_basic, gauntlet_entry_generic, chequers_serial_rivers_small_a
D:12:     layout_basic, david_orc_2, minmay_puff
D:13:     layout_basic, erik_vaults_2, portal_ice_cave_entry_ice_simulacra,
          minmay_misc_feat_ornament, uniq_urug
Temple:   nicolae_temple_ecumenical_triangle
Lair:1:   layout_hall_layers, beast_lair_carwin_8
Lair:2:   layout_roguey
Lair:3:   layout_long_grid, palyth_hydra_swamp_entry, spider_nest_entry_a,
          infiniplex_staircase_pool_2
Lair:4:   layout_roguey, minmay_slime_entry_oklob_open
Lair:5:   due_jungle_book, layout_regular_city, ice2_lemuel
Orc:1:    layout_caves, serial_shops, nicolae_shop_behind_doors
Orc:2:    st_orc_town, layout_caves, basic_altar, serial_shops, shop,
          uniq_jorgrun

Skill      XL: |  1  2  3  4  5  6  7  8  9 10 11 12 13 14 |
---------------+-------------------------------------------+-----
Stealth        | 1 2 3 4 5 6 7 |  7.7
Armour         | 1 2 3 4 5 6 7 8 9 |  9.7
Fighting       | 3 4 5 6 7 8 10 11 | 11.4
Maces & Flails | 4 5 7 10 11 13 14 | 14.8
Dodging        | 3 4 5 6 8 9 |  9.0
Throwing       | 2 4 5 6 |  6.0
Spellcasting   | 2 4 5 6 |  6.3
Evocations     | 2 4 5 6 |  6.1
Air Magic      | 2 4 |  4.0

Action                   |  1- 3 |  4- 6 |  7- 9 | 10-12 | 13-15 || total
-------------------------+-------+-------+-------+-------+-------++-------
Melee: Flail             |   105 |   147 |       |       |       ||   252
       Punch             |       |     1 |     5 |     7 |       ||    13
       Whip              |       |       |   597 |   118 |   904 ||  1619
       War axe           |       |       |       |   405 |   238 ||   643
       Broad axe         |       |       |       |       |     2 ||     2
       Morningstar       |       |       |       |       |    23 ||    23
Throw: Stone             |     3 |     1 |     6 |       |       ||    10
       Throwing net      |       |     1 |       |     1 |       ||     2
       Dart              |       |     4 |     6 |    64 |    15 ||    89
       Boomerang         |       |       |       |     7 |     3 ||    10
       Javelin           |       |       |       |       |    31 ||    31
 Cast: Swiftness         |       |       |       |       |     1 ||     1
Invok: Potion Petition   |       |       |       |       |     1 ||     1
Evoke: Wand              |       |     1 |    11 |       |    31 ||    43
       Phial of floods   |       |       |       |       |     1 ||     1
  Use: Scroll            |       |    11 |     4 |     9 |     5 ||    29
       Potion            |       |       |     1 |     3 |       ||     4
 Stab: Sleeping          |       |       |     1 |     3 |       ||     4
       Distracted        |       |       |     1 |     3 |     9 ||    13
Armor: Leather armour    |    23 |       |       |       |       ||    23
       Ring mail         |    28 |     4 |       |       |       ||    32
       Scale mail        |       |    69 |   167 |   268 |   352 ||   856
Dodge: Dodged            |    77 |    60 |   345 |   537 |   746 ||  1765
